[Event "Titled Tuesday Blitz July 13 2021"]
[White "Willow, Jonah B"]
[Black "Makhmudov, Shukhrat"]
[WhiteFideId "438804"]
[BlackFideId "14200775"]
[WhiteElo "2261"]
[BlackElo "2135"]
[Result "1-0"]
[Round "01"]
[TimeControl "180+1"]
[Date "2021.07.13"]
[WhiteClock "0:01:42"]
[BlackClock "0:00:38"]

1. e4 e5 2. Nf3 Nc6 3. Nc3 Nf6 4. Bb5 Nd4 5. Bc4 Nxf3+ 6. gxf3 c6 7. d4 d6 8. Rg1 Be6 9. Bxe6 fxe6 10. dxe5 dxe5 11. Qe2 Qc7 12. Qc4 Qd6 13. Be3 O-O-O 14. Rd1 Qe7 15. Rxd8+ Kxd8 16. Bxa7 Nd7 17. Ke2 Kc7 18. Rd1 b6 19. Qa6 Qb4 20. a3 Nc5 21. Bb8+ Kxb8 22. Rd8+ Kc7 23. Qc8# 1-0


[Site "https://www.chess.com"]

[Event "Titled Tuesday Blitz July 13 2021"]
[White "Wong, Yinn Long"]
[Black "Obolentseva, Alexandra"]
[WhiteFideId "5707684"]
[BlackFideId "24153648"]
[WhiteElo "2016"]
[BlackElo "2113"]
[Result "1-0"]
[Round "01"]
[TimeControl "180+1"]
[Date "2021.07.13"]
[WhiteClock "0:01:00"]
[BlackClock "0:00:59"]

1. b3 Nf6 2. Bb2 g6 3. Bxf6 exf6 4. c4 Bg7 5. Nc3 O-O 6. g3 c6 7. Bg2 d6 8. e3 Re8 9. Nge2 Na6 10. O-O f5 11. d4 Bd7 12. a3 Rc8 13. b4 Nc7 14. Qb3 Be6 15. Nf4 Qf6 16. Rac1 Bd7 17. a4 Bh8 18. b5 g5 19. Nd3 Ne6 20. d5 Nc5 21. Nxc5 dxc5 22. bxc6 bxc6 23. Qb7 Red8 24. Rfd1 Be8 25. dxc6 Rb8 26. Rxd8 Rxd8 27. c7 1-0


[Site "https://www.chess.com"]

[Event "Titled Tuesday Blitz July 13 2021"]
[White "Yanchenko, Roman"]
[Black "Rodriguez, Santiago"]
[WhiteFideId "4137329"]
[BlackFideId "3000591"]
[WhiteElo "2514"]
[BlackElo "2256"]
[Result "0-1"]
[Round "01"]
[TimeControl "180+1"]
[Date "2021.07.13"]
[WhiteClock "0:00:07"]
[BlackClock "0:00:02"]

1. d4 Nf6 2. Nf3 e6 3. c4 b6 4. Nc3 Bb4 5. Bd2 Bb7 6. g3 c5 7. dxc5 Bxc5 8. Bg2 O-O 9. O-O d5 10. Ne5 Nbd7 11. Nxd7 Qxd7 12. Bg5 d4 13. Bxf6 Bxg2 14. Kxg2 gxf6 15. Ne4 Qc6 16. f3 f5 17. Nf2 Rad8 18. Nd3 f6 19. Qd2 e5 20. Qh6 Rf7 21. Qh5 Qe6 22. Rac1 Rg7 23. b4 Bf8 24. Rc2 e4 25. Nf4 Qe5 26. Kh3 Bxb4 27. fxe4 Qxe4 28. Rb2 Bd6 29. Rb5 Rg5 30. Qh6 Bxf4 31. Rxf4 Qxe2 32. Rbxf5 Qe6 33. Qh4 d3 34. g4 Rxf5 35. gxf5 Qe3+ 36. Kg2 Qe2+ 37. Kh3 Qe3+ 38. Kg2 Qe2+ 39. Kg3 Qe3+ 40. Rf3 Qe5+ 41. Kh3 d2 42. Rg3+ Kh8 43. Qg4 Qxg3+ 44. Qxg3 d1=Q 0-1


[Site "https://www.chess.com"]

[Event "Titled Tuesday Blitz July 13 2021"]
[White "Yoo, Christopher Woojin"]
[Black "Arias, Juan Cruz"]
[WhiteFideId "30909694"]
[BlackFideId "118540"]
[WhiteElo "2105"]
[BlackElo "2083"]
[Result "1-0"]
[Round "01"]
[TimeControl "180+1"]
[Date "2021.07.13"]
[WhiteClock "0:01:10"]
[BlackClock "0:01:15"]

1. e4 e6 2. b3 b6 3. Bb2 Bb7 4. Nc3 c5 5. g3 Nf6 6. Bg2 d5 7. exd5 Nxd5 8. Nxd5 Bxd5 9. Nf3 Nd7 10. O-O Nf6 11. c4 Bb7 12. d4 Be7 13. Ne5 Bxg2 14. Kxg2 Qc8 15. d5 O-O 16. Nc6 Qb7 17. Qf3 exd5 18. cxd5 Ne8 19. Rfe1 Bf6 20. Bxf6 Nxf6 21. d6 Qd7 22. Rad1 Rad8 23. Nxd8 1-0


[Site "https://www.chess.com"]

[Event "Titled Tuesday Blitz July 13 2021"]
[White "Yuan, Qingyu"]
[Black "Gerasimenyuk, Mikhail"]
[WhiteFideId "8609772"]
[BlackFideId "14111845"]
[WhiteElo "2359"]
[BlackElo "2254"]
[Result "1-0"]
[Round "01"]
[TimeControl "180+1"]
[Date "2021.07.13"]
[WhiteClock "0:00:31"]
[BlackClock "0:00:36"]

1. e4 d5 2. exd5 Qxd5 3. Nc3 Qa5 4. d4 Nf6 5. Nf3 Bg4 6. h3 Qh5 7. Be2 Nc6 8. Rg1 Bxf3 9. Bxf3 Qa5 10. Be3 O-O-O 11. Qd3 Nb4 12. Qe2 e5 13. dxe5 Qxe5 14. a3 Qa5 15. g4 Nbd5 16. O-O-O Nxc3 17. Rxd8+ Kxd8 18. Qd2+ Bd6 19. Qxc3 Qxc3 20. bxc3 Bxa3+ 21. Kb1 c6 22. Bxa7 Kc7 23. Bd4 Re8 24. c4 Bd6 25. g5 Ne4 26. Kb2 Nd2 27. Bg4 Nxc4+ 28. Kc3 Ne5 29. Bd1 g6 30. Kb3 Nd7 31. Bg4 Re4 32. Rd1 Nc5+ 33. Bxc5 Bxc5 34. Rd7+ Kb6 35. Rxf7 Re7 36. Rf6 Re5 37. f4 Re3+ 38. Kc4 Rg3 39. Rf7 Bd6 40. Bc8 Bc7 41. Rxh7 Rf3 42. f5 Rf4+ 43. Kd3 gxf5 44. g6 Rf3+ 45. Ke2 Rg3 46. Bxf5 Be5 47. Bg4 Kc5 48. Rh5 Kd4 49. Rxe5 Kxe5 50. g7 1-0


[Site "https://www.chess.com"]

[Event "Titled Tuesday Blitz July 13 2021"]
[White "Zanette, Edgard Vinicius"]
[Black "Concio, Michael Jr."]
[WhiteFideId "2109263"]
[BlackFideId "5217873"]
[WhiteElo "2202"]
[BlackElo "1896"]
[Result "0-1"]
[Round "01"]
[TimeControl "180+1"]
[Date "2021.07.13"]
[WhiteClock "0:00:11"]
[BlackClock "0:00:37"]

1. e4 e5 2. Nf3 Nc6 3. Bb5 a6 4. Ba4 Nf6 5. O-O b5 6. Bb3 Be7 7. Re1 O-O 8. a4 Bb7 9. Nc3 Nd4 10. Nxe5 Nxb3 11. cxb3 b4 12. Nd5 Nxd5 13. exd5 Bxd5 14. d4 Bf6 15. a5 Re8 16. Bf4 d6 17. Ng4 Rxe1+ 18. Qxe1 Bxd4 19. Rd1 c5 20. Be3 Bxb3 21. Bxd4 Bxd1 22. Bf6 gxf6 23. Qxd1 Qe7 24. h3 Re8 25. Qf3 Kg7 26. Qf4 Kh8 27. Qh6 Rg8 28. Nxf6 Rg7 29. Ng4 Qe1+ 30. Kh2 Qe6 31. g3 Qxh6 32. Nxh6 c4 33. Nf5 c3 34. bxc3 b3 35. Nd4 b2 0-1


[Site "https://www.chess.com"]

[Event "Titled Tuesday Blitz July 13 2021"]
[White "Zong, Davis"]
[Black "Bersamina, Paulo"]
[WhiteFideId "30903955"]
[BlackFideId "5206995"]
[WhiteElo "2400"]
[BlackElo "2349"]
[Result "0-1"]
[Round "01"]
[TimeControl "180+1"]
[Date "2021.07.13"]
[WhiteClock "0:00:04"]
[BlackClock "0:01:04"]

1. d4 Nf6 2. c4 g6 3. Nc3 Bg7 4. e4 d6 5. Nf3 O-O 6. Be2 Na6 7. O-O e5 8. d5 Nc5 9. Nd2 a5 10. b3 Ne8 11. a3 f5 12. f3 Bh6 13. Bb2 Ng7 14. b4 Be3+ 15. Kh1 Nh5 16. bxc5 Ng3+ 17. hxg3 Qg5 18. f4 exf4 19. Nf3 Qh6+ 20. Nh2 fxg3 21. Bh5 f4 22. Re1 gxh5 23. Nf3 Bxc5 24. Nb5 h4 25. Bd4 h3 26. Qe2 Bg4 27. Bxc5 dxc5 28. Nxc7 Rf6 29. Nxa8 Qh5 30. gxh3 Bxf3+ 31. Qxf3 Qxf3+ 32. Kg1 Qf2+ 33. Kh1 Qh2# 0-1


[Site "https://www.chess.com"]

[Event "Titled Tuesday Blitz July 13 2021"]
[White "Zubritskiy, Artyom"]
[Black "Juhasz, Agoston"]
[WhiteFideId "4181247"]
[BlackFideId "778346"]
[WhiteElo "2559"]
[BlackElo "2211"]
[Result "1-0"]
[Round "01"]
[TimeControl "180+1"]
[Date "2021.07.13"]
[WhiteClock "0:00:20"]
[BlackClock "0:00:06"]

1. d4 Nf6 2. c4 e6 3. g3 c5 4. d5 exd5 5. cxd5 d6 6. Nc3 g6 7. Bg2 Bg7 8. Nf3 O-O 9. O-O Re8 10. Nd2 Nbd7 11. a4 Ng4 12. h3 Nh6 13. Nc4 Ne5 14. Nxe5 Rxe5 15. Bf4 Re8 16. Nb5 Bf8 17. Nxd6 g5 18. Nxe8 gxf4 19. Qd2 Qxe8 20. Qxf4 Nf5 21. e3 Bg7 22. Rab1 Bd7 23. b3 Rd8 24. Rfc1 b6 25. Qc7 Rc8 26. Qxa7 Nxg3 27. fxg3 Qxe3+ 28. Kh1 Qxg3 29. Qxd7 Rf8 30. Qg4 1-0


[Site "https://www.chess.com"]

[Event "Titled Tuesday Blitz July 13 2021"]
[White "harlem4brew"]
[Black "Priasmoro, Novendra"]
[BlackFideId "7105029"]
[WhiteElo "2419"]
[BlackElo "2309"]
[Result "1/2-1/2"]
[Round "01"]
[TimeControl "180+1"]
[Date "2021.07.13"]
[WhiteClock "0:00:06"]
[BlackClock "0:00:05"]

1. d4 Nf6 2. c4 g6 3. Nc3 Bg7 4. e4 d6 5. Nf3 O-O 6. Be2 Na6 7. O-O e5 8. dxe5 dxe5 9. Qxd8 Rxd8 10. Bg5 Re8 11. Bxf6 Bxf6 12. Nd5 Bd8 13. a3 c6 14. Ne3 Nc5 15. Nd2 Bg5 16. b4 Ne6 17. Nb3 Nd4 18. Bd1 Be6 19. Nd2 Rad8 20. Re1 Rd7 21. Ndf1 Red8 22. g3 f5 23. h4 Bf6 24. exf5 gxf5 25. Rc1 a5 26. Kg2 f4 27. gxf4 exf4 28. Ng4 Bxh4 29. Re4 Bg5 30. Rc3 Bf5 31. Re5 Rg7 32. Nfh2 h5 33. Rxa5 hxg4 34. Bxg4 Bf6 35. Kh3 Bxg4+ 36. Nxg4 Rh7+ 37. Kg2 f3+ 38. Rxf3 Rg7 39. Rg3 Be7 40. Nh6+ Kf8 41. Rxg7 Kxg7 42. Ng4 Kf7 43. Ra7 Rb8 44. Ne5+ Ke6 45. Nd3 Nb3 46. Nf4+ Kd6 47. c5+ Ke5 48. Ng6+ Kf6 49. Nxe7 Kxe7 50. Kf3 Ke6 51. Ke4 Nd2+ 52. Kd3 Nf3 53. a4 Kd5 54. Ke3 Ne5 55. f4 Nc4+ 56. Kd3 Nb2+ 57. Kc2 Nc4 58. Kd3 Na3 59. Kc3 Rh8 60. Rxb7 Rh3+ 61. Kd2 Nc4+ 62. Ke2 Ra3 63. b5 Rxa4 64. bxc6 Kxc6 65. Re7 Kxc5 66. f5 Kd6 67. Re6+ Kd5 68. Kf3 Ne5+ 69. Ke3 Re4+ 70. Kd2 Rf4 71. Re8 Rxf5 72. Rd8+ Ke4 73. Re8 Rf2+ 74. Kc3 Ra2 75. Kb3 Ra7 76. Kc3 Rb7 77. Kc2 Kd4 78. Rd8+ Nd7 79. Kd2 Rb2+ 80. Kc1 Rb7 81. Kd2 Rc7 82. Ke2 Ke4 83. Re8+ Ne5 84. Kd2 Kd4 85. Rd8+ Ke4 86. Re8 Rc6 87. Rd8 Nf3+ 88. Kd1 Ke3 89. Re8+ Kd3 90. Rd8+ Nd4 91. Ke1 Rf6 92. Rd7 Rf5 93. Rd6 Ke3 94. Rd8 Rh5 95. Re8+ Kd3 96. Kf2 Rg5 97. Re3+ Kd2 98. Re8 Rf5+ 99. Kg3 Ne2+ 100. Kg4 Rf7 101. Kg5 Kd3 102. Kg6 Rf3 103. Rd8+ Nd4 104. Re8 Rf5 105. Ra8 Ke4 106. Ra4 Rf1 107. Ra5 Ne6 108. Ra6 Ke5 109. Kh5 Rg1 110. Ra5+ Kf6 111. Ra4 Kf5 112. Kh4 Nf4 113. Ra5+ Ke4 114. Ra4+ Ke3 115. Ra3+ Nd3 116. Kh5 Rg8 117. Kh6 Ke4 118. Kh7 Rg3 119. Ra4+ Kf5 120. Ra5+ Ne5 121. Kh6 Rg6+ 1/2-1/2


[Site "https://www.chess.com"]

[Event "Titled Tuesday Blitz July 13 2021"]
[White "Al Hosani, Omran"]
[Black "Cornette, Matthieu"]
[WhiteFideId "9308733"]
[BlackFideId "620084"]
[WhiteElo "2259"]
[BlackElo "2500"]
[Result "0-1"]
[Round "02"]
[TimeControl "180+1"]
[Date "2021.07.13"]
[WhiteClock "0:00:11"]
[BlackClock "0:00:13"]

1. d4 b6 2. c4 Nf6 3. Nc3 Bb7 4. Nf3 e6 5. g3 Bxf3 6. exf3 c6 7. Bg2 d5 8. cxd5 cxd5 9. O-O Be7 10. Bf4 O-O 11. Rc1 Qd7 12. Qa4 Qxa4 13. Nxa4 Na6 14. a3 Rac8 15. Rfd1 Rc4 16. Rxc4 dxc4 17. Nc3 Nd5 18. Nxd5 exd5 19. Bd2 Bf6 20. Bc3 Nc7 21. f4 Re8 22. Bf3 g6 23. Kg2 Kg7 24. Bb4 Rd8 25. h4 h5 26. a4 Ne6 27. Bc3 Rd7 28. f5 Nd8 29. fxg6 fxg6 30. a5 b5 31. g4 Nc6 32. gxh5 gxh5 33. Bxh5 b4 34. Bg4 Rd6 35. Bd2 Bxd4 36. Bf4 Be5 37. Bg3 Bxg3 38. fxg3 d4 39. Bf3 Nxa5 40. Kf2 c3 41. bxc3 bxc3 42. Ke2 c2 43. Rc1 d3+ 44. Ke3 Nb3 0-1


[Site "https://www.chess.com"]

[Event "Titled Tuesday Blitz July 13 2021"]
[White "Aldokhin, Ivan"]
[Black "Seo, Jung Min"]
[WhiteFideId "24115720"]
[BlackFideId "1734687"]
[WhiteElo "2306"]
[BlackElo "2486"]
[Result "0-1"]
[Round "02"]
[TimeControl "180+1"]
[Date "2021.07.13"]
[WhiteClock "0:00:04"]
[BlackClock "0:02:12"]

1. e4 c6 2. Nc3 d5 3. d4 dxe4 4. Nxe4 Nd7 5. Qe2 Ndf6 6. c3 Nxe4 7. Qxe4 Nf6 8. Qe2 Bf5 9. Nf3 h6 10. g3 e6 11. Bg2 Be7 12. O-O O-O 13. Ne5 Qc7 14. Bf4 Bd6 15. Rad1 Nd5 16. Bc1 b5 17. g4 Bh7 18. h4 Rfe8 19. g5 hxg5 20. hxg5 Bf5 21. Rde1 c5 22. Qxb5 cxd4 23. cxd4 Rab8 24. Qa4 Nb4 25. Bf4 Bc2 26. b3 Nd3 27. Rc1 Nxf4 28. Be4 Ne2+ 0-1


[Site "https://www.chess.com"]

[Event "Titled Tuesday Blitz July 13 2021"]
[White "Arabidze, Meri"]
[Black "Khater, Sherif"]
[WhiteFideId "13604040"]
[BlackFideId "2034280"]
[WhiteElo "2432"]
[BlackElo "2499"]
[Result "1-0"]
[Round "02"]
[TimeControl "180+1"]
[Date "2021.07.13"]
[WhiteClock "0:00:57"]
[BlackClock "0:00:33"]

1. d4 d5 2. Nf3 c6 3. c4 Nf6 4. Nc3 e6 5. e3 Nbd7 6. Qc2 Bd6 7. b3 a6 8. Bb2 Qe7 9. Bd3 O-O 10. O-O e5 11. cxd5 cxd5 12. dxe5 Nxe5 13. Nxe5 Qxe5 14. g3 Qh5 15. Be2 Qh3 16. Bf3 Ng4 17. Bxg4 Bxg4 18. f3 Be6 19. Ne2 Rac8 20. Qd2 Rfe8 21. Rac1 Rxc1 22. Rxc1 Qh6 23. Nf4 Bxf4 24. exf4 Qg6 25. Re1 h5 26. Re5 f6 27. f5 Bxf5 28. Qxd5+ Kh7 29. Rxe8 Qxe8 30. Qxf5+ g6 31. Qe4 Qd7 32. Bd4 Qc7 33. Kg2 Qd7 34. g4 hxg4 35. fxg4 b5 36. h4 f5 37. Qe5 Qb7+ 38. Kg3 Qc8 39. Qg7# 1-0


[Site "https://www.chess.com"]

[Event "Titled Tuesday Blitz July 13 2021"]
[White "Atanasov, Anthony"]
[Black "Gabrielian, Artur"]
[WhiteFideId "2623897"]
[BlackFideId "4131002"]
[WhiteElo "1889"]
[BlackElo "2523"]
[Result "0-1"]
[Round "02"]
[TimeControl "180+1"]
[Date "2021.07.13"]
[WhiteClock "0:00:01"]
[BlackClock "0:00:31"]

1. d4 Nf6 2. Bf4 g6 3. e3 Bg7 4. Nf3 O-O 5. Be2 c5 6. O-O d6 7. Nbd2 b6 8. c3 Bb7 9. a4 Nc6 10. h3 Re8 11. Nc4 cxd4 12. exd4 a6 13. Qb3 Nd5 14. Bg3 Rb8 15. Nxd6 exd6 16. Qxd5 Nxd4 17. Qxd4 Bxd4 18. Nxd4 Qg5 19. Rfe1 Rbd8 20. Bd3 Qd5 21. Bf1 h5 22. Rad1 Rxe1 23. Rxe1 Kf8 24. Bf4 g5 25. Be3 Re8 26. h4 f6 27. hxg5 fxg5 28. Nf3 h4 29. c4 Qf5 30. Nd4 Qe4 31. f3 Qg6 32. Re2 g4 33. fxg4 Qxg4 34. Bh6+ Kf7 35. Rf2+ Kg6 36. Rf4 Qd1 37. Nf5 Re1 38. Bf8 h3 39. Nh4+ Kh5 40. g3 Rxf1+ 41. Rxf1 h2+ 42. Kf2 Qxf1+ 43. Kxf1 h1=Q+ 0-1


[Site "https://www.chess.com"]

[Event "Titled Tuesday Blitz July 13 2021"]
[White "Baradaran, Arman"]
[Black "Kretov, Evgenij"]
[WhiteFideId "880515"]
[BlackFideId "4167821"]
[WhiteElo "2132"]
[BlackElo "2400"]
[Result "0-1"]
[Round "02"]
[TimeControl "180+1"]
[Date "2021.07.13"]
[WhiteClock "0:00:02"]
[BlackClock "0:00:20"]

1. d4 Nf6 2. c4 c5 3. d5 e5 4. Nc3 d6 5. e4 Be7 6. g3 O-O 7. Bg2 Ne8 8. Nge2 Nd7 9. O-O g6 10. Bh6 Ng7 11. f4 exf4 12. gxf4 Bf6 13. e5 dxe5 14. Ne4 exf4 15. Nxf6+ Qxf6 16. Rxf4 Qxb2 17. Rb1 Qxa2 18. Nc3 Qa5 19. Ne4 f5 20. Ng5 Nf6 21. d6 Ne6 22. Nxe6 Bxe6 23. Bxf8 Rxf8 24. Rxb7 Qc3 25. Rh4 Qe3+ 26. Kh1 Ng4 27. Rxg4 fxg4 28. Qa1 Bf7 29. Bd5 Bxd5+ 30. cxd5 Qd4 31. Qxd4 cxd4 32. Rxa7 Rd8 33. d7 Kf7 34. Ra4 Rxd7 35. Rxd4 h5 36. Kg2 Kf6 37. h3 gxh3+ 38. Kxh3 Ke5 39. Rd1 Rxd5 40. Re1+ Kf6 41. Rf1+ Rf5 42. Ra1 Kg5 43. Ra6 Rc5 44. Kg3 Rc3+ 45. Kg2 Kf5 46. Ra5+ Kg4 47. Ra4+ Kg5 48. Ra5+ Kh6 49. Ra6 h4 50. Kh2 Kh5 51. Ra8 g5 52. Kg2 Rc4 53. Ra5 Kg4 54. Ra2 Rb4 55. Kh2 Rc4 56. Kg2 h3+ 57. Kh2 Kh4 58. Rb2 g4 0-1


[Site "https://www.chess.com"]

[Event "Titled Tuesday Blitz July 13 2021"]
[White "Barp, Alberto"]
[Black "Maghsoodloo, Parham"]
[WhiteFideId "872555"]
[BlackFideId "12539929"]
[WhiteElo "2229"]
[BlackElo "2601"]
[Result "1-0"]
[Round "02"]
[TimeControl "180+1"]
[Date "2021.07.13"]
[WhiteClock "0:00:05"]
[BlackClock "0:00:01"]

1. d4 Nf6 2. c4 e6 3. Nf3 d5 4. g3 c6 5. Bg2 b6 6. Qc2 Bb4+ 7. Bd2 a5 8. O-O O-O 9. Bf4 Ba6 10. Nbd2 Nbd7 11. Rfd1 Rc8 12. e4 Be7 13. Rac1 h6 14. h3 b5 15. b3 bxc4 16. bxc4 c5 17. exd5 exd5 18. Qb3 Nb6 19. dxc5 Bxc5 20. cxd5 Nbxd5 21. Nc4 Nxf4 22. Rxd8 Ne2+ 23. Kh2 Nxc1 24. Rxf8+ Bxf8 25. Qe3 Rxc4 26. Ne5 Rc2 27. Qa7 Bc4 28. Nxc4 Rxc4 29. Qxa5 Rc2 30. Qf5 Rxa2 31. Bf1 Nb3 32. Bc4 Ra5 33. Qg6 Nd5 34. Qd3 Nb6 35. Bxb3 Ra7 36. Qf5 1-0


[Site "https://www.chess.com"]

[Event "Titled Tuesday Blitz July 13 2021"]
[White "Bartel, Michal"]
[Black "Howell, David W L"]
[WhiteFideId "1119257"]
[BlackFideId "410608"]
[WhiteElo "2271"]
[BlackElo "2643"]
[Result "0-1"]
[Round "02"]
[TimeControl "180+1"]
[Date "2021.07.13"]
[WhiteClock "0:00:46"]
[BlackClock "0:01:18"]

1. e4 c5 2. Ne2 Nc6 3. g3 d5 4. Bg2 dxe4 5. Bxe4 g6 6. Nbc3 Bg7 7. d3 Qd7 8. Be3 b6 9. d4 Nf6 10. Bg2 Ng4 11. dxc5 Nxe3 12. Qxd7+ Bxd7 13. fxe3 bxc5 14. O-O-O Rc8 15. Nf4 Ne5 16. Bd5 e6 17. Bg2 Ke7 18. Rhe1 Rb8 19. Nd3 Rhc8 20. Nxe5 Bxe5 21. Rd3 c4 22. Rdd1 Rb6 23. Bh3 Rcb8 24. Rd4 Bxd4 25. exd4 Rxb2 26. Kd2 Kd8 27. Rf1 f5 28. Re1 R2b6 29. Bg2 Rd6 30. Ke3 Rb2 31. Re2 Ke7 32. Rd2 Kf6 33. Kf4 Rxd4+ 34. Rxd4 e5+ 35. Ke3 exd4+ 36. Kxd4 Rxc2 37. Bf3 Rxh2 38. Nd5+ Kg5 39. Kxc4 Be6 40. Kd4 Bxd5 41. Kxd5 Rh3 42. Ke5 Rxg3 43. Bc6 Ra3 44. Bd5 Ra5 45. Kd4 Rxd5+ 46. Kxd5 h5 47. Kd4 h4 48. Ke3 Kg4 49. Kf2 f4 50. a4 Kf5 51. a5 g5 52. a6 g4 53. Kg2 Ke4 54. Kh2 Kd5 55. Kg2 Kc5 56. Kf2 Kb5 57. Ke2 Kxa6 58. Kd3 h3 59. Ke4 h2 60. Kxf4 h1=Q 61. Kxg4 Qf1 62. Kh4 Kb5 63. Kg3 a5 64. Kh2 a4 65. Kg3 a3 66. Kh2 a2 67. Kg3 a1=Q 68. Kh2 Qh8+ 69. Kg3 Qg7+ 70. Kh2 Qgg2# 0-1


[Site "https://www.chess.com"]

[Event "Titled Tuesday Blitz July 13 2021"]
[White "Bernadskiy, Vitaliy"]
[Black "Wagner, Dinara"]
[WhiteFideId "14100371"]
[BlackFideId "24157570"]
[WhiteElo "2510"]
[BlackElo "2260"]
[Result "1-0"]
[Round "02"]
[TimeControl "180+1"]
[Date "2021.07.13"]
[WhiteClock "0:00:09"]
[BlackClock "0:00:04"]

1. d4 Nf6 2. c4 e6 3. Nc3 Bb4 4. Qc2 O-O 5. a3 Bxc3+ 6. Qxc3 d5 7. Bg5 h6 8. Bh4 dxc4 9. Qxc4 b6 10. Rd1 Ba6 11. Qa4 Qd7 12. Qc2 Qe7 13. Nf3 Nbd7 14. Qxc7 g5 15. Bg3 Rfc8 16. Qd6 Qxd6 17. Bxd6 Rc2 18. Rd2 Rac8 19. Bb4 Ne4 20. Rd1 Rxb2 21. g3 Ndf6 22. Bg2 Rxe2+ 23. Kf1 Rxf2+ 24. Kg1 Rcc2 25. Ne1 Ra2 26. h4 g4 27. Kh2 Bb7 28. Rg1 Kg7 29. Nd3 Rxg2+ 30. Rxg2 Rxg2+ 31. Kxg2 Nc3+ 32. Kg1 Nxd1 33. Bd6 Ne3 34. Be5 Nd5 35. Nf2 Kf8 36. Nd3 Nd7 37. Bd6+ Kg7 38. Nf2 Ne3 39. Bf4 Nc4 40. Nxg4 h5 41. Nf2 Nxa3 42. g4 hxg4 43. h5 Nf6 44. Be5 Nc4 45. h6+ Kg6 46. Bf4 Nd5 47. Bc1 Nce3 48. Nd3 Kxh6 49. Ne5 Kg7 50. Kf2 Nf5 51. Nxg4 a5 52. Ne5 a4 53. Nd3 Nd6 54. Ke2 Nc4 55. Kd1 Nde3+ 56. Ke2 Nc2 57. Kd1 Nxd4 58. Nb4 Bf3+ 59. Ke1 a3 60. Kf2 Bd5 61. Bf4 Kg8 62. Bc7 Nd2 63. Bxb6 Nb5 64. Be3 Nb3 65. Bg5 Na5 66. Bf6 Nc6 67. Nc2 a2 68. Na1 Nb4 69. Ke3 Na3 70. Kd2 Nc4+ 71. Ke2 Nd6 72. Be7 Bc4+ 73. Kd1 Bb3+ 74. Nxb3 Nc4 75. Bxb4 f5 76. Bc3 Kf7 77. Nc1 Kg6 78. Nxa2 f4 79. Nb4 Kf5 80. Ke2 e5 81. Nd5 Nd6 82. Bb4 Ne4 83. Ne7+ Ke6 84. Nc6 Ng3+ 85. Kf3 Kf5 86. Ne7+ Ke6 87. Kg4 Ne2 88. Ng6 Nd4 89. Bc3 Nc2 90. Bxe5 Ne3+ 91. Kxf4 Nc4 92. Bd4 Kd5 93. Bf2 Nd6 94. Ne7+ Ke6 95. Nc6 Nc4 96. Ke4 Nd6+ 97. Kd4 Nf5+ 98. Kc5 Ne7 99. Nd4+ Kd7 100. Bg3 Ng6 101. Nc6 Ne7 102. Nd4 Ng6 103. Kd5 Ne7+ 104. Ke4 Nc6 105. Nc2 Ne7 106. Ne3 Nc6 107. Nd5 Ne7 108. Nb6+ Ke6 109. Na4 Nf5 110. Nc5+ Kf6 111. Be5+ Kg6 112. Ne6 Ne7 113. Bd6 Ng8 114. Nf4+ Kf7 115. Kf5 Nf6 116. Nh3 Ne8 117. Ng5+ Kg7 118. Be5+ Kh6 119. Nf7+ Kh7 120. Ng5+ Kh6 121. Ne6 Kh7 122. Kg5 Kg8 123. Kg6 Nc7 124. Nxc7 Kf8 125. Bf6 Kg8 126. Ne8 Kf8 127. Nd6 Kg8 128. Be7 Kh8 129. Nf7+ Kg8 130. Nh6+ Kh8 131. Bf6# 1-0


[Site "https://www.chess.com"]

[Event "Titled Tuesday Blitz July 13 2021"]
[White "Bersamina, Paulo"]
[Black "Gurevich, Dmitry"]
[WhiteFideId "5206995"]
[BlackFideId "2000407"]
[WhiteElo "2349"]
[BlackElo "2506"]
[Result "1-0"]
[Round "02"]
[TimeControl "180+1"]
[Date "2021.07.13"]
[WhiteClock "0:01:08"]
[BlackClock "0:00:33"]

1. e4 c5 2. Nf3 d6 3. Bb5+ Bd7 4. a4 Nc6 5. O-O Nf6 6. Re1 g6 7. c3 Bg7 8. d4 cxd4 9. cxd4 O-O 10. d5 Na5 11. Nc3 Rc8 12. Be3 a6 13. Bxd7 Qxd7 14. Bd4 Bh6 15. h3 Rfe8 16. b4 Nc4 17. a5 Bg7 18. Na4 e6 19. dxe6 Rxe6 20. Rc1 d5 21. exd5 Qxd5 22. Bxf6 Qxd1 23. Rexd1 Rxf6 24. Ne5 Rf4 25. Nb6 Nxb6 26. Rxc8+ Nxc8 27. Rd8+ Bf8 28. Nd7 Rd4 29. Nf6+ Kh8 1-0


[Site "https://www.chess.com"]

[Event "Titled Tuesday Blitz July 13 2021"]
[White "Boidiya, Sidi"]
[Black "Laxman, R.R."]
[WhiteFideId "19600100"]
[BlackFideId "5005361"]
[WhiteElo "2113"]
[BlackElo "2476"]
[Result "0-1"]
[Round "02"]
[TimeControl "180+1"]
[Date "2021.07.13"]
[WhiteClock "0:01:38"]
[BlackClock "0:02:04"]

1. e4 e5 2. Bc4 Nf6 3. d4 exd4 4. Nf3 Nc6 5. O-O Nxe4 6. Re1 d5 7. Bxd5 Qxd5 8. Nc3 Qd7 9. Nxe4 Be7 10. Bg5 O-O 11. Bxe7 Qxe7 12. Nxd4 Bd7 13. Nb5 Be6 14. c3 Rad8 15. Qc2 a6 16. Na3 Rfe8 17. Ng3 Qf6 18. h3 Ne5 19. Ne4 Qg6 20. Nc5 Nf3+ 21. Kh1 Qxc2 22. Nxc2 Nxe1 23. Rxe1 Bxa2 24. Rxe8+ Rxe8 25. Nxb7 Re2 26. Nb4 Rxb2 27. Nc5 a5 28. Nbd3 Rc2 29. Kg1 Rxc3 30. Kf1 Bc4 31. Ke2 Bxd3+ 32. Nxd3 Rxd3 33. Kxd3 Kf8 34. Kc4 c6 35. Kb3 c5 36. Ka4 c4 37. Ka3 Ke7 38. Kb2 Kd6 39. Kc3 Kc5 40. f4 a4 41. g3 a3 0-1


[Site "https://www.chess.com"]

[Event "Titled Tuesday Blitz July 13 2021"]
[White "Broca Jimenez, Fernando"]
[Black "AleksanderHnydiuk"]
[WhiteFideId "5104742"]
[WhiteElo "2062"]
[BlackElo "2596"]
[Result "0-1"]
[Round "02"]
[TimeControl "180+1"]
[Date "2021.07.13"]
[WhiteClock "0:00:17"]
[BlackClock "0:00:58"]

1. e4 c5 2. Nf3 e6 3. d4 cxd4 4. Nxd4 Nc6 5. Nc3 a6 6. Be3 Nf6 7. f3 d5 8. exd5 Nxd5 9. Nxd5 Qxd5 10. Nxc6 Qxc6 11. Bd3 Bc5 12. Qe2 O-O 13. O-O e5 14. Be4 Qb6 15. Bxc5 Qxc5+ 16. Qf2 Qxf2+ 17. Kxf2 Be6 18. Rad1 Rac8 19. b3 Rc3 20. Rd2 Rb8 21. Bxb7 a5 22. Rfd1 Kf8 23. Rd8+ Rxd8 24. Rxd8+ Ke7 25. Rd2 Bf5 26. Be4 Bxe4 27. fxe4 a4 28. Ke2 Ke6 29. Kd1 g6 30. Rd3 Rc7 31. b4 Rc4 32. a3 Rxe4 33. Kd2 f5 34. Re3 Rf4 35. c4 Rxc4 36. Kd3 Rc1 37. b5 Rc5 38. b6 Rb5 39. Kc4 Rxb6 40. Kc5 Rb3 41. Rh3 Rxh3 42. gxh3 f4 43. Kb4 f3 44. Kxa4 f2 0-1


[Site "https://www.chess.com"]

[Event "Titled Tuesday Blitz July 13 2021"]
[White "Cabarkapa, Novak"]
[Black "Ronka, Erik"]
[WhiteFideId "943746"]
[BlackFideId "505080"]
[WhiteElo "2469"]
[BlackElo "2264"]
[Result "1-0"]
[Round "02"]
[TimeControl "180+1"]
[Date "2021.07.13"]
[WhiteClock "0:00:32"]
[BlackClock "0:00:31"]

1. d4 d5 2. Nc3 c6 3. Bf4 Qb6 4. Rb1 Nf6 5. e3 Bf5 6. f3 e6 7. g4 Bg6 8. h4 h5 9. g5 Ng8 10. Bd3 Bxd3 11. Qxd3 Ne7 12. Nge2 Nd7 13. b4 Nf5 14. Kf2 Bd6 15. b5 g6 16. Bxd6 Nxd6 17. bxc6 Qxc6 18. Nf4 Rc8 19. Rb3 b5 20. Rhb1 b4 21. Nce2 a5 22. c3 bxc3 23. Rxc3 Nc4 24. Rbc1 O-O 25. Nxg6 fxg6 26. Qxg6+ Kh8 27. Qxh5+ Kg8 28. Qg6+ Kh8 29. Nf4 e5 30. Qxc6 Rxc6 31. Nxd5 exd4 32. Rxc4 Rxc4 33. Rxc4 Ne5 34. Rxd4 Rxf3+ 35. Kg2 1-0


[Site "https://www.chess.com"]